 Dungeon Crawl Stone Soup version 0.27.1 (webtiles) character file.

Game seed: 18045277715550570850

36 nxtlvl the Chopper (level 3, -1/31 HPs)
             Began as a Draconian Berserker on Aug 24, 2021.
             Was a Follower of Trog.
             Slain by a worm (9 damage)
             ... on level 2 of the Dungeon.
             The game lasted 00:02:01 (395 turns).

nxtlvl the Chopper (Draconian Berserker)             Turns: 395, Time: 00:02:02

Health: -1/31      AC:  5    Str: 19    XL:     3   Next: 19%
Magic:  3/3        EV: 12    Int:  7    God:    Trog [*.....]
Gold:   20         SH:  0    Dex: 11    Spells: 2/2 levels left

rFire    . . .     SeeInvis .   a - +0 hand axe
rCold    . . .     Faith    .   (no shield)
rNeg     . . .     Spirit   .   (armour unavailable)
rPois    .         Reflect  .   (helmet restricted)
rElec    .         Harm     .   (no cloak)
rCorr    .         Rampage  .   (no gloves)
Will     .....                  (no boots)
Stlth    +.........             (no amulet)
HPRegen  0.10/turn              (no ring)
MPRegen  0.08/turn              (no ring)

@: on berserk cooldown, slowed, very slow
A: AC +5, unfitting armour, cold-blooded
a: Renounce Religion, Berserk


You were on level 2 of the Dungeon.
You worshipped Trog.
Trog was aware of your devotion.
You visited 1 branch of the dungeon, and saw 2 of its levels.

You collected 20 gold pieces.

Inventory:

Hand Weapons
 a - a +0 hand axe (weapon)
Missiles
 c - 18 sling bullets
 e - 16 arrows
Scrolls
 b - a scroll of magic mapping {unknown}
 d - a scroll of enchant weapon {unknown}
Potions
 f - a potion of brilliance {unknown}


   Skills:
 - Level 3.2 Fighting
 * Level 4.3 Axes
 - Level 2.6 Dodging


You had 2 spell levels left.
You didn't know any spells.
Your spell library was empty.

Dungeon Overview and Level Annotations

Branches:
Dungeon (2/15)

Altars:


Innate Abilities, Weirdness & Mutations

Your plain brown scales are hard. (AC +5)
You cannot fit into any form of body armour.
You are cold-blooded and may be slowed by cold attacks.


Message History

You feel sick.
You are no longer poisoned.
You see here a grey potion.
f - a grey potion You feel your anger nearly subside.
You are no longer berserk.
You are exhausted.
You feel yourself slow down.
You open the door.
There is an open door here.
The adder barely misses you.
You hit the adder.
Your tail-slap misses the adder.
The adder is severely wounded.
The adder closely misses you. The adder barely misses you.
You hit the adder.
The adder is almost dead.
The adder barely misses you. The adder bites you.
You are poisoned.
The adder poisons you!
You hit the adder but do no damage.
The adder is almost dead.
You feel sick. The adder barely misses you.
The adder bites you but does no damage.
You completely miss the adder.
Your tail-slap misses the adder.
The adder is almost dead.
You feel sick.
The adder bites you but does no damage. x3
You completely miss the adder. You tail-slap the adder.
You kill the adder!
Trog accepts your kill.
You feel sick.
You are no longer poisoned.
You have reached level 3!
Your experience leads to an increase in your attributes!
Increase (S)trength, (I)ntelligence, or (D)exterity?
You feel agile.
Your scales feel tougher.
There is an open door here.
A worm comes into view.
The worm moves out of view.
Found 15 gold pieces.
The worm bites you!
You die...

###############
#.............
#...........# ####
#...........# #...
#$....w.....# #.##
#.....@.....# #.#
#.........### #.#
#########.######
#.#
#.....†..#####.#
####.....##.......#
#........##.#.#...#
#..#.....##.....#.#
#........'..#.#...#
#..#.#...#......###


You could see a worm.

Vanquished Creatures
  2 adders (D:2)
  A dart slug (D:2)
  3 endoplasms (D:1)
  A giant cockroach (D:1)
  2 hobgoblins (D:1)
  A kobold (D:1)
  A quokka (D:1)
  A ball python (D:1)
  2 goblins (D:1)
  A rat (D:2)
15 creatures vanquished.

Vanquished Creatures (others)
  3 plants (D:1)
3 creatures vanquished.

Grand Total: 18 creatures vanquished

Notes
Turn   | Place    | Note
-------+----------+-------------------------------------------
     0 | D:1      | nxtlvl the Draconian Berserker began the quest for the Orb.
     0 | D:1      | Reached XP level 1. HP: 19/19 MP: 1/1
    90 | D:1      | Reached XP level 2. HP: 15/26 MP: 2/2
   370 | D:2      | Reached skill level 4 in Axes
   386 | D:2      | Reached XP level 3. HP: 7/31 MP: 3/3
   395 | D:2      | Slain by a worm

Illustrated notes

Levels and vault maps discovered:
D:1:      denvon_arrival_planthouse, layout_basic
D:2:      layout_basic, serial_glass, glass_columns_a, glass_columns_a,
          ebering_ecumenical_altar_mist, minmay_indecisive_spiral

Skill      XL: |  1  2 |
---------------+-------+-----
Axes           | 4 |  4.3
Fighting       | |  3.2
Dodging        | |  2.6

Action                   || total
-------------------------++-------
Melee: Hand axe          ||    40
       Tailslap          ||     2
Invok: Berserk           ||     4
Armor: Skin              ||    15
Dodge: Dodged            ||    26
